 Dungeon Crawl Stone Soup version 0.23-a0-175-g97aacdb306 (webtiles) character file.

175 Holzbalken the Cudgeler (level 5, -1/38 HPs)
             Began as a Demonspawn Gladiator on Sept 16, 2018.
             Was an Initiate of Ashenzari.
             Killed from afar by an orc wizard (9 damage)
             ... with a puff of frost
             ... on level 3 of the Dungeon.
             The game lasted 00:06:23 (2083 turns).

Holzbalken the Cudgeler (Demonspawn Gladiator)      Turns: 2083, Time: 00:06:23

Health: -1/38      AC: 10    Str: 20    XL:     5   Next: 29%
Magic:  5/5        EV: 11    Int:  9    God:    Ashenzari [......]
Gold:   22         SH:  0    Dex: 15    Spells: 4/4 levels left

rFire    . . .     SeeInvis .   a - +0 flail
rCold    . . .     Gourm    .   (no shield)
rNeg     + . .     Faith    .   r - +2 scale mail {rN+}
rPois    .         Spirit   .   (helmet restricted)
rElec    .         Reflect  .   k - +0 cloak
rCorr    .         Harm     .   o - +0 pair of gloves
MR       .....                  (no boots)
Stlth    ..........             (no amulet)
HPRegen  0.12/turn              (no ring)
MPRegen  0.09/turn              (no ring)

@: mighty
A: antennae 1, powered by pain 2
a: Curse Item, Renounce Religion


You were on level 3 of the Dungeon.
You worshipped Ashenzari.
Ashenzari was noncommittal.
You were not hungry.

You visited 1 branch of the dungeon, and saw 3 of its levels.

You collected 22 gold pieces.

Inventory:

Hand Weapons
 a - a +0 flail (weapon)
Missiles
 d - 3 throwing nets (quivered)
Armour
 b - a +0 leather armour
 c - a +0 helmet
 k - a +0 cloak (worn)
 o - a +0 pair of gloves (worn)
 r - a +2 scale mail of positive energy (worn)
Scrolls
 g - a scroll of identify {unknown}
 i - 3 scrolls of teleportation {unknown}
 p - 3 scrolls of remove curse
 q - a scroll of magic mapping {unknown}
Potions
 e - 2 potions of curing {unknown}
 h - a potion of mutation {unknown}
 l - a potion of might
 m - a potion of resistance {unknown}
 n - a potion of degeneration {unknown}
Comestibles
 f - 5 rations
 j - 3 chunks of flesh


   Skills:
 - Level 2.0 Fighting
 + Level 5.5 Maces & Flails
 - Level 1.7 Throwing
 - Level 2.6 Dodging


You had 4 spell levels left.
You didn't know any spells.
Your spell library was empty.

Dungeon Overview and Level Annotations

Branches:
Dungeon (3/15)

Altars:
Ashenzari


Innate Abilities, Weirdness & Mutations

You have a pair of small antennae on your head.
You sometimes gain power by taking damage.


Message History

You hear some strange, mumbled words.
A puff of frost appears from out of thin air!
The puff of frost hits you!
* * * LOW HITPOINT WARNING * * *
The orc wizard hits you but does no damage.
You closely miss something.
You feel yourself speed up. Something hits you but does no damage.
The orc wizard completely misses you. The orc hits you but does no damage.
You hear some strange, mumbled words.
A puff of frost appears from out of thin air!
The puff of frost hits you! The orc hits you but does no damage.
The orc wizard hits you but does no damage.
Something hits you but does no damage.
You barely miss something.
The orc wizard hits you but does no damage.
You hear some strange, mumbled words.
A puff of frost appears from out of thin air!
The puff of frost hits you!
You die...

#######
#.....#
#.....#
#.....#
#.....#
#.....####.##
#....o.......
#...o@####.##
#...{.#
#.....#
#.....#
#####.. ##. .
#.


You could see an orc wizard and an orc.

Vanquished Creatures
  A crimson imp (D:2)
  Terence (D:2)
  An orc wizard (D:3)
  2 adders (D:2)
  2 oozes (D:1)
  2 worms (D:2)
  A dart slug (D:1)
  3 leopard geckos
  4 bats
  4 giant cockroaches
  7 goblins
  5 hobgoblins
  2 jackals (D:1)
  A quokka (D:2)
  9 frilled lizards
  4 kobolds
  10 rats
59 creatures vanquished.

Notes
Turn   | Place    | Note
-------+----------+-------------------------------------------
     0 | D:1      | Holzbalken the Demonspawn Gladiator began the quest for the
                  | Orb.
     0 | D:1      | Reached XP level 1. HP: 16/16 MP: 1/1
    33 | D:1      | Reached skill level 3 in Maces & Flails
    54 | D:1      | Gained mutation: You have a pair of small antennae on your
                  | head. [demonic ancestry]
    54 | D:1      | Reached XP level 2. HP: 19/22 MP: 2/2
   390 | D:1      | Gained mutation: You sometimes gain a little power by
                  | taking damage. [demonic ancestry]
   390 | D:1      | Reached XP level 3. HP: 24/27 MP: 3/3
   424 | D:1      | Reached skill level 4 in Maces & Flails
  1301 | D:2      | Gained mutation: You sometimes gain power by taking damage.
                  | [demonic ancestry]
  1301 | D:2      | Reached XP level 4. HP: 19/33 MP: 4/4
  1513 | D:2      | Found a shattered altar of Ashenzari.
  1542 | D:2      | Reached skill level 5 in Maces & Flails
  1568 | D:2      | Became a worshipper of Ashenzari the Shackled
  2017 | D:3      | Noticed Terence
  2032 | D:2      | Killed Terence
  2032 | D:2      | Reached XP level 5. HP: 38/38 MP: 5/5
  2083 | D:3      | Killed from afar by an orc wizard

Vault maps used:
D:1:      matt_arrival_los_fun, st_stairs_1
D:2:      ashenzari_conservatory_becter, serial_forest,
          infiniplex_forest_lined_corner, infiniplex_forest_lined_2,
          infiniplex_forest_clump_small, infiniplex_forest_end_3,
          infiniplex_forest_lined_room_2, infiniplex_forest_straight_2,
          infiniplex_forest_lined_3_way, infiniplex_forest_clump_small,
          hangedman_decor_points
D:3:      serial_undead, serial_undead_b, serial_undead_d, serial_undead_f,
          serial_undead_f, serial_undead_e, serial_undead_c,
          gammafunk_ghost_necromancy, uniq_robin, uniq_terence

Skill      XL: |  1  2  3  4 |
---------------+-------------+-----
Maces & Flails | 3 4 5 |  5.5
Fighting       | |  2.0
Throwing       | |  1.7
Dodging        | |  2.6

Action                   |  1- 3 |  4- 6 || total
-------------------------+-------+-------++-------
Melee: Flail             |   113 |    72 ||   185
  Use: Potion            |       |     1 ||     1
  Eat: Chunk             |     1 |     3 ||     4
Armor: Leather armour    |    26 |    17 ||    43
       Scale mail        |       |    47 ||    47
Dodge: Dodged            |    66 |    67 ||   133

Table legend:
 A = Non-vault XP
 B = Vault XP
 C = Vault XP percentage of total XP
 D = Non-vault monster count
 E = Vault monster count
 F = Vault count percentage of total count
                 A         B        C        D         E       F
            +---------+---------+-------+---------+---------+-------
      Total |     210 |      41 |  16.3 |      55 |       4 |   6.8
            +---------+---------+-------+---------+---------+-------
        D:1 |      60 |       5 |   7.7 |      29 |       3 |   9.4
        D:2 |     112 |      36 |  24.3 |      24 |       1 |   4.0
        D:3 |      38 |       0 |   0.0 |       2 |       0 |   0.0
            +---------+---------+-------+---------+---------+-------
